 Dungeon Sprint DCSS version 0.17-a0-1311-gbcbd859 (webtiles) character file.

731 Kidiri the Covert (level 7, -15/37 (38) HPs)
             Began as a Spriggan Enchanter on June 8, 2015.
             Demolished by a tentacle (22 damage)
             ... attached to a kraken
             ... in the Dungeon (Sprint II: "The Violet Keep of Menkaure").
             The game lasted 00:07:41 (1285 turns).

Kidiri the Covert (Spriggan Enchanter)              Turns: 1285, Time: 00:07:41

HP:   -15/37 (38)   AC:  4    Str:  4    XL:     7   Next: 45%
MP:   11/16         EV: 28    Int: 14    God:
Gold: 531           SH:  0    Dex: 19    Spells: 5 memorised, 7 levels left

rFire  . . .     SeeInvis +     a - +1 dagger
rCold  . . .     Clarity  .     i - +2 robe {MR+}
rNeg   . . .     SustAt   .     (shield restricted)
rPois  .         Gourm    .     (helmet restricted)
rElec  .         Spirit   .     (no cloak)
rCorr  .         Warding  .     (gloves unavailable)
rMut   .         NoTele   +     (boots unavailable)
MR     ++...                    (no amulet)
Stlth  ++++++....               (no ring)
                                f - ring of invisibility

@: very quick, very resistant to hostile enchantments, very stealthy
A: unfitting armour, see invisible, dopey 1, herbivore 3, speed 3, low mp 1,
slow metabolism 2
a: Evoke Invisibility


You were in the Dungeon.
You were not hungry.

You visited 1 branch You collected 972 gold pieces.
You spent 441 gold pieces at shops.

Inventory:

Hand weapons
 a - a +1 dagger (weapon)
Armour
 i - a +2 robe of magic resistance (worn)
Jewellery
 f - a ring of invisibility (left hand)
Scrolls
 j - a scroll of blinking
Potions
 e - a potion of curing
 g - a potion of haste
 h - 2 potions of magic
Books
 c - a book of Maledictions

   Spells                             Type                      Level
   a - Corona                         Hexes                        1
   b - Ensorcelled Hibernation        Hexes/Ice                    2
   c - Confuse                        Hexes                        3
   d - Tukima's Dance                 Hexes                        3
   e - Dazzling Spray                 Conjuration/Hexes            3
Comestibles
 d - a bread ration


   Skills:
 + Level 4.3 Fighting
 * Level 8.6 Short Blades
 * Level 11.2 Dodging
 * Level 12.5 Stealth
 * Level 6.9 Spellcasting
 + Level 0.0 Conjurations
 + Level 7.5 Hexes
 + Level 0.0 Ice Magic
 + Level 0.0 Evocations


You had 7 spell levels left.
You knew the following spells:

 Your Spells              Type           Power        Failure   Level  Hunger
a - Corona                Hex            ####...      1%          1    None
b - Confuse               Hex            ####....     1%          3    ##.....
c - Tukima's Dance        Hex            ####....     1%          3    ##.....
d - Ensorcelled Hibernat  Hex/Ice        ###...       4%          2    #......
e - Dazzling Spray        Conj/Hex       ###.....     10%         3    ##.....


Dungeon Overview and Level Annotations

Branches:
Dungeon (1/1)

Altars:

Shops:
D :*!==:}([![?%[[[

Annotations:
D exclusions: ice statue and oklob plant


Innate Abilities, Weirdness & Mutations

You are tiny and cannot use many weapons and most armour.
You have supernaturally acute eyesight.
You are a herbivore.
You cover ground extremely quickly.
You need consume almost no food.
You are dopey. (Int -2)
Your magical capacity is low (-10% MP).


Message History

Aim: a kraken (water, chance to defeat MR: 15%)
The kraken resists with almost no effort.
Tentacles burst out of the water!
Casting: Ensorcelled Hibernation
Confirm with . or Enter, or press ? or * to list all spells.
Aiming: Ensorcelled Hibernation
Press: ? - help, Shift-Dir - straight line, f/p - kraken
Aim: a kraken (water, chance to defeat MR: 15%)
The kraken resists with almost no effort.
You open the door. The tentacle barely misses you.
The tentacle is engulfed in a cloud of scalding steam.
The tentacle completely misses you. The tentacle closely misses you.
The tentacle is engulfed in a cloud of scalding steam.
The tentacle completely misses you. The tentacle misses you.
The tentacle completely misses you. The tentacle slaps you!!
Ouch! That really hurt!
* * * LOW HITPOINT WARNING * * *
The tentacle completely misses you. The tentacle slaps you!!
Ouch! That really hurt!
You die...

####≈≈#+++#+++##
###≈≈≈.........#
.∩#≈≈≈≈X##+##..#
∩.#≈≈≈≈##%.%## ###
..#≈≈≈≈#%##.%# ..#
..#≈≈####.######..##
..#≈##.###'###.##..#
..#≈#.####.##...#w.#
..+≈+##.'.<.'##.@.*###
∩.#≈#...##.##...#w**.###.
###≈##.###'###.##..**..≈≈
###≈≈####.#.####≈≈w.**.≈#
##≈≈≈#.###.#≈≈≈≈≈{≈**≈#
+#≈##.#.##≈≈§≈≈§{≈X≈#
#≈≈##'##≈≈≈§§§≈≈{≈≈#
#≈≈≈≈≈≈≈≈§≈≈§≈§≈§≈#
#+++#+++#§§§§≈≈≈≈≈#


You could see a kraken and 3 tentacles.

Vanquished Creatures
  A hippogriff (D)
  4 necrophages (D)
  4 brain worms (D)
  3 worms (D)
12 creatures vanquished.

Vanquished Creatures (others)
  A hippogriff (D)
  Menkaure (D)
  5 tentacles (D)
  116 tentacle segments (D)
123 creatures vanquished.

Grand Total: 135 creatures vanquished

Notes
Turn   | Place    | Note
--------------------------------------------------------------
     0 | D        | Kidiri the Spriggan Enchanter began the quest for the Orb.
     0 | D        | Reached XP level 1. HP: 9/9 MP: 5/5
    73 | D        | Killed Menkaure
   119 | D        | Killed a hippogriff
   561 | D        | Reached skill level 5 in Stealth
   628 | D        | Found Xikudyir's Antique Weapon Shoppe.
   628 | D        | Found Ogayxt's Magic Scroll Shoppe.
   628 | D        | Found Jegoe's Antique Armour Shoppe.
   628 | D        | Found Cuxedd's Gadget Emporium.
   628 | D        | Found Siceasch's Antique Armour Shoppe.
   628 | D        | Found Roleinn's Antique Armour Emporium.
   629 | D        | Found Rutwadupn's Antique Armour Emporium.
   629 | D        | Found Doatorgh's Distillery.
   629 | D        | Found Yddiok's Antique Armour Emporium.
   629 | D        | Found Hasuudia's Jewellery Shoppe.
   629 | D        | Found Odawkid's Jewellery Emporium.
   631 | D        | Reached XP level 2. HP: 14/14 MP: 7/7
   645 | D        | Noticed a hippogriff
   649 | D        | Noticed a necrophage
   649 | D        | Noticed a necrophage
   649 | D        | Noticed a necrophage
   649 | D        | Noticed a necrophage
   670 | D        | Killed a necrophage
   670 | D        | Reached skill level 1 in Fighting
   670 | D        | Reached skill level 6 in Dodging
   670 | D        | Reached skill level 7 in Stealth
   670 | D        | Reached skill level 5 in Hexes
   670 | D        | Reached XP level 3. HP: 11/18 MP: 4/9
   670 | D        | Reached XP level 4. HP: 13/23 MP: 4/11
   676 | D        | Killed a necrophage
   676 | D        | Reached skill level 5 in Short Blades
   676 | D        | Reached skill level 9 in Stealth
   676 | D        | Reached XP level 5. HP: 8/25 MP: 5/13
   703 | D        | Killed a necrophage
   703 | D        | Reached skill level 10 in Stealth
   703 | D        | Reached skill level 5 in Spellcasting
   703 | D        | Reached XP level 6. HP: 13/31 MP: 8/15
   734 | D        | Killed a necrophage
   734 | D        | Reached skill level 11 in Stealth
   748 | D        | Learned a level 3 spell: Confuse
   752 | D        | Learned a level 3 spell: Tukima's Dance
   755 | D        | Learned a level 2 spell: Ensorcelled Hibernation
   759 | D        | Learned a level 3 spell: Dazzling Spray
   966 | D        | Noticed a brain worm
   969 | D        | Killed a brain worm
   969 | D        | Reached skill level 10 in Dodging
   970 | D        | Noticed a brain worm
   971 | D        | Killed a brain worm
   973 | D        | Noticed a brain worm
   973 | D        | Noticed a brain worm
   990 | D        | Killed a brain worm
   990 | D        | Reached XP level 7. HP: 36/36 MP: 11/17
   994 | D        | Killed a brain worm
   994 | D        | Reached skill level 12 in Stealth
  1051 | D        | Killed a hippogriff
  1056 | D        | Noticed an ice statue
  1173 | D        | Noticed a flying skull
  1173 | D        | Noticed a flying skull
  1173 | D        | Noticed a flying skull
  1174 | D        | Noticed a flying skull
  1175 | D        | Noticed a flying skull
  1175 | D        | Noticed a flying skull
  1175 | D        | Noticed a flying skull
  1175 | D        | Noticed a flying skull
  1175 | D        | Noticed a flying skull
  1175 | D        | Noticed a kraken
  1193 | D        | Found Joidig's Distillery.
  1193 | D        | Found Cupsinar's Assorted Antiques.
  1193 | D        | Noticed a hippogriff
  1195 | D        | Found Lithuded's Food Shoppe.
  1195 | D        | Found Puiretam's Book Emporium.
  1195 | D        | Noticed a hippogriff
  1196 | D        | Noticed an oklob plant
  1197 | D        | Noticed a hippogriff
  1197 | D        | Found Zogac's Book Shoppe.
  1199 | D        | Noticed an ice dragon
  1206 | D        | Noticed a griffon
  1211 | D        | Bought a potion of mutation for 32 gold pieces
  1211 | D        | Gained mutation: You are dopey. (Int -2) [potion of mutation]
  1211 | D        | Gained mutation: Your magical capacity is low (-10% MP). [potion of mutation]
  1220 | D        | Bought an uncursed ring of invisibility for 390 gold pieces
  1231 | D        | Bought a runed robe for 19 gold pieces
  1277 | D        | Noticed a kraken
  1285 | D        | Demolished by a tentacle

Vault maps used:
D:        the_violet_keep_of_menkaure

Action                   |  1- 3 |  4- 6 |  7- 9 || total
-------------------------+-------+-------+-------++-------
Melee: Dagger            |    33 |    73 |     9 ||   115
 Cast: Corona            |     6 |     1 |     1 ||     8
       Confuse           |       |     2 |     2 ||     4
       Ensorcelled Hiber |       |       |     5 ||     5
  Use: Potion            |     1 |     1 |     1 ||     3
 Stab: Sleeping          |     2 |     2 |       ||     4
       Confused          |       |     1 |     1 ||     2
